Map: Sueño ártico EE

Players

MrFercho

  • Race: Zerg Zerg
  • League: Gold
  • Spawn Location: 5:00

tigro

  • Race: Terran Terran
  • League: Bronze
  • Spawn Location: 6:00

Themuffinman

  • Race: Zerg Zerg
  • Spawn Location: 11:00

BlkMrRogers

  • Race: Protoss Protoss
  • Spawn Location: 12:00

VOD

Have the link to the VOD?

Description

Time

  • Played on: Aug. 23, 2020, 8:22 p.m.
  • Length: 9:46
Show
View Real Time Build Order
Export as new Build Order

MrFercho Zerg 

Build Orders: Hatch First 

Get SALT Encoding   

  12  0:00  Drone  
  13  0:13  Overlord  
  13  0:22  Drone  
  14  0:33  Drone x2  
  16  0:49  Hatchery  
  15  0:52  Drone  
  15  0:57  Drone  
  17  0:59  Drone  
  18  1:13  Extractor  
  18  1:16  Spawning Pool  
  16  1:19  Drone  
  16  1:22  Drone  
  18  1:29  Drone  
  19  1:45  Drone  
  20  1:52  Overlord  
  20  2:02  Drone  
  20  2:04  Queen  
  20  2:05  Queen  
  20  2:07  Zergling x2  
  26  2:12  Zergling x2  
  26  2:14  Drone  
  28  2:16  Metabolic Boost  
  28  2:51  Zergling x2  
  28  2:52  Drone x3  
  28  2:53  Drone x2  
  28  2:55  Lair  
  34  3:08  Zergling x2  
  35  3:15  Overlord, Drone  
  35  3:16  Overlord  
  36  3:27  Roach Warren  
  36  3:30  Evolution Chamber  
  34  3:35  Queen  
  36  3:45  Zergling x4  
  36  3:46  Zergling x2  
  39  4:04  Pneumatized Carapace  
  39  4:08  Glial Reconstitution  
  39  4:11  Overlord x2  
  39  4:16  Drone x8  
  47  4:21  Extractor x2  
  47  4:22  Queen  
  47  4:32  Roach x2  
  47  4:33  Overlord  
  47  4:34  Overlord  
  51  4:40  Drone x3  
  51  4:41  Drone x3  
  57  4:50  Queen  
  59  4:58  Extractor, Drone  
  59  5:00  Drone x3  
  62  5:13  Zerg Missile Weapons Level 1  
  62  5:15  Roach x5  
  72  5:24  Overlord  
  72  5:26  Roach x2  
  76  5:34  Overlord  
  73  6:12  Drone x3  
  73  6:13  Roach  
  73  6:14  Roach x6  
  90  6:23  Overseer  
  90  6:24  Overseer  
  90  6:27  Overlord x2  
  90  6:38  Roach x5  
  100  6:52  Hatchery  
  99  6:55  Extractor  
  99  6:59  Tunneling Claws  
  98  7:05  Evolution Chamber  
  88  7:16  Ravager x8  
  95  7:26  Spore Crawler  
  95  7:27  Spore Crawler  
  95  7:28  Spore Crawler  
  92  7:30  Spore Crawler  
  90  7:54  Lair  
  90  8:00  Hatchery  
  89  8:13  Roach  
  89  8:14  Roach x6  
  63  8:50  Roach x6  
  40  9:33  Spine Crawler  
  40  9:34  Spine Crawler  
  40  9:36  Spine Crawler  
  43  9:38  Spine Crawler  
  43  9:39  Spine Crawler  
Show
View Real Time Build Order
Export as new Build Order

tigro Terran 

Build Orders:  

Get SALT Encoding   

  12  0:17  Supply Depot, SCV  
  13  0:29  SCV  
  14  0:40  Supply Depot  
  14  0:41  SCV  
  15  0:50  Barracks  
  15  0:53  SCV  
  16  1:05  SCV  
  16  1:09  Refinery x2  
  17  1:18  SCV  
  18  1:30  SCV  
  19  1:39  Marine  
  20  1:42  SCV  
  22  1:54  SCV  
  22  1:56  Marine  
  23  2:06  SCV  
  24  2:14  Marine  
  25  2:16  Factory  
  25  2:18  SCV  
  26  2:32  Marine  
  27  2:50  Marine  
  28  3:01  Factory Tech Lab  
  28  3:04  Engineering Bay  
  28  3:12  Barracks Tech Lab  
  28  3:21  Siege Tank  
  31  3:31  Orbital Command  
  31  3:35  Stimpack  
  31  3:38  Terran Infantry Weapons Level 1  
  31  4:17  Marine  
  31  4:18  Siege Tank  
  35  4:28  Supply Depot  
  35  4:35  Marine  
  36  4:53  Marine  
  36  4:54  Starport  
  37  5:11  Marine  
  38  5:29  Marine  
  38  5:32  Medivac  
  41  5:39  Combat Shield  
  41  5:40  Command Center  
  41  5:42  Terran Infantry Armor Level 1  
  41  5:44  Refinery  
  41  6:24  Barracks  
  41  6:30  Starport Tech Lab  
  41  6:50  Marine  
  41  6:53  Refinery  
  42  7:04  SCV  
  42  7:08  Marine  
  44  7:16  SCV  
  44  7:17  Armory  
  45  7:23  Barracks Reactor  
  45  7:26  Marine  
  45  7:28  SCV  
  45  7:36  Neosteel Armor  
  37  7:40  SCV  
  37  7:43  Marine  
  20  7:54  Planetary Fortress  
  5  8:52  Command Center  
  5  9:00  SCV  
  6  9:12  SCV  
  6  9:13  Viking  
  9  9:24  SCV  
Show
View Real Time Build Order
Export as new Build Order

Themuffinman Zerg 

Build Orders: Pool First 

Get SALT Encoding   

  12  0:00  Drone  
  13  0:16  Overlord  
  13  0:24  Drone  
  14  0:31  Extractor, Drone  
  14  0:38  Drone  
  15  0:47  Drone  
  16  0:53  Drone  
  17  0:58  Spawning Pool  
  17  1:01  Drone  
  17  1:23  Hatchery  
  17  1:25  Drone  
  17  1:33  Drone  
  17  1:37  Overlord  
  18  1:48  Drone  
  19  1:55  Zergling x2  
  19  1:57  Queen  
  22  2:13  Drone  
  23  2:18  Metabolic Boost  
  23  2:22  Drone  
  24  2:25  Extractor  
  23  2:35  Zergling x2  
  23  2:36  Zergling x2  
  25  2:46  Zergling x4  
  27  2:56  Zergling x2  
  28  3:11  Zergling x12  
  34  3:13  Hatchery  
  33  3:28  Drone  
  33  3:29  Overlord  
  33  4:01  Lair  
  33  4:06  Queen  
  35  4:24  Queen  
  35  4:27  Overlord x3, Drone x2  
  39  4:42  Roach Warren  
  38  4:53  Overlord  
  38  4:54  Overlord  
  38  5:05  Drone  
  38  5:06  Drone x2  
  41  5:17  Drone x3  
  44  5:22  Roach  
  44  5:26  Roach  
  48  5:29  Roach  
  50  5:36  Roach  
  50  5:39  Glial Reconstitution  
  52  5:57  Drone x3  
  52  6:03  Extractor x2  
  53  6:10  Roach x4  
  53  6:11  Roach  
  63  6:13  Roach  
  69  6:32  Roach  
  69  6:33  Roach x4  
  69  6:35  Roach  
  69  6:37  Drone  
  78  6:48  Hydralisk Den  
  66  8:12  Roach x2  
  72  8:13  Roach x7  
  72  8:14  Roach x3  
  74  8:43  Ravager  
  74  8:44  Ravager x2  
  74  8:45  Ravager x5  
  82  8:49  Ravager x4  
  82  8:50  Ravager x3  
Show
View Real Time Build Order
Export as new Build Order

BlkMrRogers Protoss 

Build Orders:  

Get SALT Encoding   

  12  0:01  Probe (Chrono Boost)  
  13  0:13  Probe (Chrono Boost)  
  14  0:20  Probe  
  15  0:21  Pylon  
  15  0:29  Assimilator  
  15  0:39  Probe  
  16  0:48  Assimilator  
  16  0:52  Probe  
  16  0:53  Gateway  
  17  1:04  Probe (Chrono Boost)  
  18  1:14  Probe (Chrono Boost)  
  19  1:19  Probe (Chrono Boost)  
  20  1:30  Probe  
  21  1:42  Probe  
  21  1:46  Nexus  
  22  1:54  Pylon  
  22  2:05  Cybernetics Core  
  22  2:15  Probe (Chrono Boost)  
  23  2:27  Probe (Chrono Boost)  
  24  2:39  Probe  
  25  2:47  Stargate  
  25  2:51  Probe, Stargate  
  26  2:53  Stargate  
  26  3:03  Probe (Chrono Boost)  
  27  3:06  Assimilator  
  27  3:09  Assimilator  
  27  3:12  Probe (Chrono Boost)  
  28  3:17  Probe (Chrono Boost)  
  29  3:23  Probe (Chrono Boost)  
  29  3:24  Probe (Chrono Boost)  
  31  3:29  Probe x2  
  33  3:37  Void Ray  
  33  3:41  Probe x2  
  39  3:53  Probe  
  39  3:54  Probe  
  41  3:56  Void Ray  
  45  4:05  Probe  
  45  4:08  Pylon  
  46  4:11  Pylon  
  46  4:14  Pylon  
  46  4:19  Pylon  
  46  4:26  Probe (Chrono Boost)  
  46  4:29  Void Ray, Probe (Chrono Boost)  
  48  4:33  Void Ray  
  48  4:37  Probe (Chrono Boost)  
  54  4:38  Probe (Chrono Boost)  
  54  4:44  Probe x2 (Chrono Boost)  
  60  4:57  Void Ray  
  64  5:14  Void Ray  
  64  5:15  Void Ray  
  72  5:41  Void Ray  
  76  6:14  Pylon  
  76  6:17  Pylon  
  76  6:22  Pylon  
  76  6:26  Void Ray x2  
  76  6:29  Void Ray  
  88  7:04  Void Ray x2  
  88  7:06  Void Ray  
  84  8:56  Void Ray x3  
Tags
 
Add a new tag
Caveats
  • Supply blocks, unpowered buildings, or Contaminate may cause inaccurate times.
  • Supply counts are checked every 10 seconds.